 Dungeon Crawl Stone Soup version 0.31-a0-507-gbafd7f5274 (webtiles) character file.

Game seed: 18405198946097699719

441 experimilk the Ruffian (level 6, 0/55 HPs)
             Began as a Troll Gladiator on Aug 10, 2023.
             Was a Follower of Qazlal.
             Slain by an orc
             ... wielding a +3 heavy flail
              (8 damage)
             ... on level 3 of the Dungeon.
             The game lasted 00:03:16 (1966 turns).

experimilk the Ruffian (Troll Gladiator)            Turns: 1966, Time: 00:03:17

Health: 0/55       AC:  6    Str: 25    XL:     6   Next: 70%
Magic:  5/5        EV: 10    Int:  4    God:    Qazlal [*.....]
Gold:   115        SH:  1    Dex: 11    Spells: 5/5 levels left

rFire   . .          .
                       - Unarmed
rCold   . . .        (no shield)
rNeg    . . .        o - +1 robe {Will+}
rPois   .            b - +0 hat
rElec   .            q - +0 cloak
rCorr   .            (gloves unavailable)
SInv    .            (boots unavailable)
Will    +....        (no amulet)
Stlth   +            (no ring)
HPRegen 1.09/turn    (no ring)
MPRegen 0.09/turn

%: no passive effects
@: no status effects
A: large, unfitting armour, claws 3, regeneration 1, shaggy fur 1, tough skin 1
a: Renounce Religion


You were on level 3 of the Dungeon.
You worshipped Qazlal.
Qazlal was aware of your devotion.
You visited 1 branch of the dungeon, and saw 3 of its levels.

You collected 115 gold pieces.

Inventory:

Missiles
 c - 3 throwing nets
 d - a large rock
 m - 5 poisoned darts (quivered)
Armour
 b - a +0 hat (worn)
 o - a +1 robe of willpower (worn)
 q - a +0 cloak (worn)
Wands
 r - a wand of polymorph (3)
Scrolls
 a - a scroll of identify
 e - a scroll of brand weapon
 f - 2 scrolls of teleportation {unknown}
 i - a scroll of immolation {unknown}
 k - 2 scrolls of poison
 l - 2 scrolls of blinking
 n - a scroll of fear {unknown}
 p - a scroll of enchant weapon {unknown}
Potions
 g - a potion of magic
 h - 2 potions of lignification
 j - a potion of curing


   Skills:
 - Level 1.5 Fighting
 - Level 1.7 Throwing
 - Level 2.4 Dodging
 + Level 7.7 Unarmed Combat


You had 5 spell levels left.
You didn't know any spells.
Your spell library was empty.

Dungeon Overview and Level Annotations

Branches:
Dungeon (3/15)

Altars:
Qazlal


Innate Abilities, Weirdness & Mutations

You are too large for most types of armour.
You have claws for hands.
Your natural rate of healing is unusually fast.
You are covered in fur. (AC +1)
You have tough skin. (AC +1)


Message History

There are monsters nearby!
The orc priest shouts!
You block the orc's attack.
You barely miss the orc. The orc hits you with a +3 heavy flail!
There are monsters nearby!
You closely miss the orc priest.
The orc priest hits you with a +0 flail.
The orc priest begins to cast a cantrip, but forgets the words!
You closely miss the orc priest. You claw the orc priest.
The orc priest is moderately wounded.
The orc priest hits you with a +0 flail!
The orc closely misses you.
You claw the orc priest!
You kill the orc priest!
Qazlal accepts your kill. The orc hits you with a +3 heavy flail.
You scratch the orc priest but do no damage.
The orc priest hits you with a +0 club.
You barely miss the orc priest. The orc priest hits you with a +0 club.
The orc hits you with a +3 heavy flail!
You claw the orc priest!
The orc priest is almost dead.
The orc priest hits you but does no damage.
You barely miss the orc priest.
The orc priest is almost dead.
The orc hits you with a +3 heavy flail!
* * * LOW HITPOINT WARNING * * *
You scratch the orc priest but do no damage.
The orc priest is almost dead.
The orc priest invokes the aid of Beogh against you.
Beogh smites you!
* * * LOW HITPOINT WARNING * * *
You scratch the orc priest.
The orc priest is almost dead.
The orc priest hits you with a +0 club.
* * * LOW HITPOINT WARNING * * *
The orc barely misses you.
You feel better. The orc priest barely misses you.
The orc hits you with a +3 heavy flail!
You die...

#........#######
##..#
###.#........#
#...## #
#..#####.#
#..... #..#
#.#### #..# #.#
#..# #.# #.)#
#.# #..# #.#
#.@# #.#### #oo#
#..... #.J#
###### ....
##.#. .. .. ..
.. ##. ...


You could see an orc priest, an orc and an endoplasm.

Vanquished Creatures
  Sigmund (D:2)
  An orc priest (D:3)
  Natasha (thrice) (D:2)
  14 gnolls
  A dart slug (D:1)
  An orc (D:3)
  2 ball pythons
  2 endoplasms (D:1)
  A giant cockroach (D:2)
  2 goblins
  4 hobgoblins
  2 quokkas
  5 bats
  2 frilled lizards
  4 kobolds
  3 rats
48 creatures vanquished.

Notes
Turn   | Place    | Note
-------+----------+-------------------------------------------
     0 | D:1      | experimilk the Troll Gladiator began the quest for the Orb.
     0 | D:1      | Reached XP level 1. HP: 19/19 MP: 0/0
   263 | D:1      | Found a faded altar of an unknown god.
   415 | D:1      | Reached XP level 2. HP: 27/27 MP: 1/1
   756 | D:2      | Found a stormy altar of Qazlal.
   775 | D:2      | Reached skill level 4 in Unarmed Combat
   795 | D:2      | Became a worshipper of Qazlal Stormbringer
   924 | D:2      | Identified the +2 plate armour "Nafuef" {+Inv rElec rCorr
                  | Int-4}
   977 | D:2      | Noticed Sigmund
   994 | D:2      | Killed Sigmund
   995 | D:2      | Reached skill level 6 in Unarmed Combat
   995 | D:2      | Reached XP level 3. HP: 27/33 MP: 2/2
   995 | D:2      | Reached XP level 4. HP: 34/41 MP: 3/3
   995 | D:2      | Reached XP level 5. HP: 40/48 MP: 4/4
  1137 | D:2      | Noticed Natasha
  1144 | D:2      | Killed Natasha
  1510 | D:2      | Noticed Natasha
  1518 | D:2      | Killed Natasha
  1519 | D:2      | Reached XP level 6. HP: 49/55 MP: 5/5
  1554 | D:2      | Noticed Natasha
  1559 | D:2      | Killed Natasha
  1560 | D:2      | Reached skill level 7 in Unarmed Combat
  1852 | D:3      | Reached * piety under Qazlal
  1965 | D:3      | HP: 1/55 [orc priest/+0 club (3)]
  1966 | D:3      | Slain by an orc

Illustrated notes

Levels and vault maps discovered:
D:1:      minmay_arrival_doors, layout_loops_ring,
          chequers_ecumenical_altar_island, grunt_decor_mini_mirrors,
          minmay_misc_feat_rugged
D:2:      layout_basic, basic_altar, uniq_sigmund, uniq_natasha
D:3:      layout_basic, supply_closet_lemuel, minivault_14, uniq_robin

Skill      XL: |  1  2  3  4  5  6 |
---------------+-------------------+-----
Unarmed Combat | 6 7 |  7.7
Fighting       | |  1.5
Throwing       | |  1.7
Dodging        | |  2.4

Action                     |  1- 3 |  4- 6 || total
---------------------------+-------+-------++-------
  Melee: Unarmed           |    69 |    68 ||   137
         Punch             |       |     3 ||     3
    Use: Scroll            |     2 |     4 ||     6
         Potion            |       |     1 ||     1
 Armour: Robe              |    21 |    11 ||    32
  Dodge: Dodged            |    36 |    35 ||    71
  Block: Other             |       |     1 ||     1

Table legend: (Time is in decaauts)
 A = Elapsed time spent in this place.
 B = Non-inter-level travel time spent in this place.
 C = Inter-level travel time spent in this place.
 D = Time resting spent in this place.
 E = Time spent auto-exploring this place.
 F = Levels seen in this place.
 G = Mean time per level.
                   A        B        C        D        E       F      G
               +--------+--------+--------+--------+--------+-----+--------+
         Total |   1953 |   1882 |     71 |    323 |   1179 |   3 |  651.0 |
       Dungeon |   1953 |   1882 |     71 |    323 |   1179 |   3 |  651.0 |
               +--------+--------+--------+--------+--------+-----+--------+

Top non-repeatable levels by time:
     D:2: 904 daAuts
     D:1: 746 daAuts
     D:3: 302 daAuts
